 Dungeon Crawl Stone Soup version 0.28.0-45-g0d030f2227 (webtiles) character file.

Game seed: 2166391583162210694

110 McKennaii the Skirmisher (level 4, 0/37 HPs)
             Began as a Demonspawn Fighter on Apr 6, 2022.
             Slain by a phantom (1 damage)
             ... on level 3 of the Dungeon.
             The game lasted 00:02:51 (2695 turns).

McKennaii the Skirmisher (Demonspawn Fighter)       Turns: 2695, Time: 00:02:52

Health: 0/37       AC:  6    Str: 18    XL:     4   Next: 61%
Magic:  4/4        EV: 11    Int:  9    God:
Gold:   81         SH:  5    Dex: 13    Spells: 3/3 levels left

rFire   . . .      SeeInvis .   a - +0 trident
rCold   . . .      Faith    .   c - +0 buckler
rNeg    . . .      Spirit   .   b - +0 scale mail
rPois   .          Reflect  .   (no helmet)
rElec   .          Harm     .   (no cloak)
rCorr   .          Rampage  .   (no gloves)
Will    .....                   (no boots)
Stlth   ..........              (no amulet)
HPRegen 0.12/turn               (no ring)
MPRegen 0.09/turn               (no ring)

@: no status effects
A: repulsion field 1
a: no special abilities


You were on level 3 of the Dungeon.
You visited 1 branch of the dungeon, and saw 3 of its levels.

You collected 81 gold pieces.

Inventory:

Hand Weapons
 a - a +0 trident (weapon)
Armour
 b - a +0 scale mail (worn)
 c - a +0 buckler (worn)
Scrolls
 e - a scroll of summoning {unknown}
 g - a scroll of magic mapping {unknown}
 i - a scroll of blinking {unknown}
 j - a scroll of torment {unknown}
 l - a scroll of teleportation {unknown}
 m - a scroll of identify {unknown}
Potions
 d - a potion of might
 f - a potion of heal wounds
 h - a potion of attraction {unknown}
 k - a potion of resistance {unknown}


   Skills:
 + Level 3.7 Fighting
 + Level 2.6 Polearms
 + Level 3.4 Armour
 + Level 3.3 Shields


You had 3 spell levels left.
You didn't know any spells.
Your spell library was empty.

Dungeon Overview and Level Annotations

Branches:
Dungeon (3/15)

Altars:


Innate Abilities, Weirdness & Mutations

You are surrounded by a mild repulsion field. (EV +2)


Message History

You are too injured to fight recklessly!
You are too injured to fight recklessly!
You are too injured to fight recklessly!
You are too injured to fight recklessly!
You are too injured to fight recklessly!
You are too injured to fight recklessly!
You are too injured to fight recklessly!
You are too injured to fight recklessly!
You are too injured to fight recklessly!
You are too injured to fight recklessly!
You are too injured to fight recklessly!
You are too injured to fight recklessly!
You are too injured to fight recklessly!
You are too injured to fight recklessly!
You hit the phantom.
The phantom is moderately damaged.
The phantom barely misses you.
You miss the phantom.
The phantom is moderately damaged.
The phantom hits you but does no damage.
You closely miss the phantom.
The phantom is moderately damaged.
The phantom hits you but does no damage.
You completely miss the phantom.
The phantom is moderately damaged.
The phantom hits you!
* * * LOW HITPOINT WARNING * * *
The phantom closely misses you.
You closely miss the phantom.
The phantom is moderately damaged.
The phantom barely misses you.
You hit the phantom.
The phantom is heavily damaged.
The phantom hits you!
* * * LOW HITPOINT WARNING * * *
The phantom blinks!
You blink.
You barely miss the phantom.
The phantom is heavily damaged.
The phantom hits you.
You die...

#.# #ยง# #.#
#.# #.# #.#
#.# #.# #.#
#.# ##.# #.#
..#
#W########.#
#@.........#
##########.#
#.# #.#
#########.#
#.........#
#.........#
#.........#
#.........#


You could see a phantom.

Vanquished Creatures
  Terence (D:1)
  A gnoll (D:1)
  3 adders (D:2)
  A worm (D:2)
  A dart slug (D:1)
  2 endoplasms
  A giant cockroach (D:2)
  7 goblins
  5 hobgoblins
  4 jackals (D:2)
  4 quokkas
  A ball python (D:1)
  3 bats
  2 frilled lizards
  3 kobolds
  2 rats
41 creatures vanquished.

Notes
Turn   | Place    | Note
-------+----------+-------------------------------------------
     0 | D:1      | McKennaii the Demonspawn Fighter began the quest for the
                  | Orb.
     0 | D:1      | Reached XP level 1. HP: 18/18 MP: 1/1
   191 | D:1      | Found a faded altar of an unknown god.
   212 | D:1      | Gained mutation: You are surrounded by a mild repulsion
                  | field. (EV +2) [demonic ancestry]
   212 | D:1      | Reached XP level 2. HP: 24/24 MP: 2/2
   907 | D:2      | Reached XP level 3. HP: 29/29 MP: 3/3
  1535 | D:2      | Reached XP level 4. HP: 30/35 MP: 4/4
  1929 | D:2      | Noticed Terence
  2177 | D:1      | Killed Terence
  2664 | D:3      | Noticed a phantom
  2694 | D:3      | HP: 1/37 [phantom (8)]
  2695 | D:3      | Slain by a phantom

Illustrated notes

Levels and vault maps discovered:
D:1:      lightli_arrival_isolated_outpost, layout_loops_ring,
          hellmonk_ecumenical_altar_heavens_door, hangedman_decor_growths
D:2:      layout_basic, uniq_terence
D:3:      layout_basic, mainiacjoe_overflow_alcove_2, okawaru_metal_pillars_3,
          serial_bayou_pond_d, minmay_statues_item, uniq_robin

Skill      XL: |  1  2 |
---------------+-------+-----
Polearms       | 2 |  2.6
Shields        | 3 |  3.3
Armour         | 3 |  3.4
Fighting       | |  3.7

Action                   |  1- 3 |  4- 6 || total
-------------------------+-------+-------++-------
Melee: Trident           |    92 |   120 ||   212
Armor: Scale mail        |    34 |    49 ||    83
Dodge: Dodged            |    35 |    57 ||    92
Block: Buckler           |    14 |    26 ||    40
